 Dungeon Sprint DCSS version 0.28-a0-425-gd0eccab798 (webtiles) character file.

Game seed: 12287873376713790244

802 Conn the Arsonist (level 7, -1/43 HPs)
             Began as an Octopode Fire Elementalist on Sept 9, 2021.
             Was a Follower of Sif Muna.
             Succumbed to a hornet's poison
             ... in the Dungeon (Sprint II: "The Violet Keep of Menkaure").
             The game lasted 00:07:46 (426 turns).

Conn the Arsonist (Octopode Fire Elementalist)       Turns: 426, Time: 00:07:46

Health: -1/43      AC:  1    Str:  8    XL:     7   Next: 90%
Magic:  11/15      EV: 14    Int: 19    God:    Sif Muna [*.....]
Gold:   36         SH:  0    Dex: 12    Spells: 5/16 levels left

rFire   + . .      SeeInvis .   c - +1 halberd of Pain and Death {venom, rF+}
rCold   . . .      Faith    .   (shield currently unavailable)
rNeg    . . .      Spirit   .   (helmet restricted)
rPois   .          Reflect  .   (no amulet)
rElec   .          Harm     .   (no ring)
rCorr   .          Rampage  .   (no ring)
Will    .....      NoTele   +   (no ring)
Stlth   ++++......              (no ring)
HPRegen 0.14/turn               (no ring)
MPRegen 0.14/turn               (no ring)
                                (no ring)
                                (no ring)

@: lethally poisoned (-1 -> -10)
A: almost no armour, amphibious, 8 rings, camouflage 1, gelatinous body 1,
(nimble swimmer 1), tentacles
a: Renounce Religion, Channel Magic


You were in the Dungeon.
You worshipped Sif Muna.
Sif Muna was aware of your devotion.
You visited 1 branch You collected 243 gold pieces.
You spent 207 gold pieces at shops.

Inventory:

Hand Weapons
 c - the +1 halberd of Pain and Death (weapon) {venom, rF+}
   (You bought it in a shop in the Dungeon)

   It poisons the flesh of those it strikes.
   rF:        It protects you from fire.
Potions
 a - a potion of curing
 d - a potion of magic


   Skills:
 + Level 1.5 Fighting
 + Level 5.1 Dodging
 + Level 5.9 Stealth
 + Level 5.4 Spellcasting
 * Level 6.1 Conjurations
 * Level 12.9 Fire Magic
 * Level 2.4 Invocations


You had 5 spell levels left.
You knew the following spells:

 Your Spells              Type           Power      Damage    Failure   Level
a - Foxfire               Conj/Fire      100%       2x1d9     1%          1
b - Conjure Flame         Conj/Fire      41%        6-21      1%          3
c - Inner Flame           Hex/Fire       29%        N/A       2%          3
d - Flame Wave            Conj/Fire      41%        3d8       2%          4

Your spell library contained the following spells:

 Spells                   Type           Power      Damage    Failure   Level
 Scorch                   Fire           100%       2d10      1%          2


Dungeon Overview and Level Annotations

Branches:
Dungeon (1/1)

Altars:
Cheibriados
Dithmenos
Elyvilon
Fedhas
Gozag
Hepliaklqana
Kikubaaqudgha
Makhleb
Nemelex Xobeh
Okawaru
Qazlal
Ru
Sif Muna
Trog
Uskayaw
Vehumet
Wu Jian
Xom
Yredelemnul
Zin
The Shining One
Beogh
Jiyva
Lugonu

Shops:
D =:![=?*!*=?=(:[

Annotations:
D exclusion: oklob plant


Innate Abilities, Weirdness & Mutations

You cannot wear most types of armour.
You are amphibious.
You can wear up to eight rings at the same time.
Your skin changes colour to match your surroundings (Stealth+).
Your rubbery body absorbs attacks. (AC +1, EV +1)
((You are camouflaged near water. (Stealth+)))
You have tentacles for arms and can constrict up to eight enemies at once.


Message History

You hear an angry growl.
The hornet is engulfed in a cloud of scalding steam.
Your Dodging skill increases to level 5!
Your Conjurations skill increases to level 6!
Your Invocations skill gained 2 levels and is now at level 2!
A wave of flame ripples out!
The flame wave engulfs the polar bear!
The polar bear is severely wounded.
The flame wave engulfs the hornet!
The hornet is severely wounded.
You finish channelling waves of flame.
The polar bear bites you. The polar bear claws you. x2
Unknown command.
Casting: Flame Wave (dangerous; 2% risk of failure)
Confirm with . or Enter, or press ? or * to list all spells.
Okay, then.
Okay, then.
Casting: Flame Wave (dangerous; 2% risk of failure)
Confirm with . or Enter, or press ? or * to list all spells.
Okay, then.
Magic courses through your body. The hornet stings you!
* * * LOW HITPOINT WARNING * * *
You are lethally poisoned!
You feel yourself slow down. The polar bear bites you.
* * * LOW HITPOINT WARNING * * *
The polar bear misses you. The polar bear claws you.
* * * LOW HITPOINT WARNING * * *
Casting: Flame Wave (dangerous; 2% risk of failure)
Confirm with . or Enter, or press ? or * to list all spells.
Casting: Flame Wave (dangerous; 2% risk of failure)
Press: ? - help, Dir - look around, f - activate A wave of flame ripples out!
The flame wave engulfs the hornet!
You kill the hornet!
Sif Muna accepts your kill.
You can now call upon Sif Muna for magical energy.
The flame wave engulfs the polar bear!!
You kill the polar bear!
Sif Muna accepts your kill. (Press . to intensify the flame waves.)
You feel yourself speed up.
You die...

... ...# #..## #^.#
c#▓)!"($?? .##..# +..#
y#▓$)!$)?[ #.B$#..# #..#
.#▓")?[?:[ +#
+..####..##.#▓(?$$?[[
#.B.#....###...##▓▓▓▓▓▓▓+ #
.##......≈≈§≈≈≈≈≈≈≈≈≈≈.
####≈≈.....≈#'########+###
.#≈≈≈§≈≈≈..≈#..)@._._#§§§##
##≈≈≈§≈≈≈≈.≈#..†._._.#≈§§§#
#≈≈≈≈§§§≈≈§§#..._._._#§§§≈≈
≈≈≈≈≈≈≈≈§≈≈≈#.._._._.#§§§≈
++#≈§§§≈§≈≈≈#._._._._#§§≈§§§
≈ ##≈≈§###≈≈#_._._._.#≈§§≈§S
S≈≈##≈≈# #≈≈#._._._..#≈≈§§≈≈
○S§≈+§≈# #§≈#.._._._.#≈≈§§▓
°○°##≈≈≈≈≈§≈##########≈§≈§▓z


There were no monsters in sight!

Vanquished Creatures
  A yaktaur (D)
  A polar bear (D)
  A hornet (D)
  Menkaure (D)
  A water moccasin (D)
  4 necrophages (D)
9 creatures vanquished.

Vanquished Creatures (others)
  14 foxfires (D)
14 creatures vanquished.

Grand Total: 23 creatures vanquished

Notes
Turn   | Place    | Note
-------+----------+-------------------------------------------
     0 | D        | Conn the Octopode Fire Elementalist began the quest for the
                  | Orb.
     0 | D        | Reached XP level 1. HP: 11/11 MP: 3/3
     5 | D        | Noticed a boulder beetle
     5 | D        | Noticed a boulder beetle
     9 | D        | Noticed a wyvern
     9 | D        | Noticed a wyvern
    12 | D        | Noticed a necrophage
    12 | D        | Noticed a necrophage
    12 | D        | Noticed a necrophage
    12 | D        | Noticed a necrophage
    18 | D        | Killed a necrophage
    19 | D        | Reached skill level 7 in Fire Magic
    19 | D        | Reached XP level 2. HP: 17/17 MP: 4/6
    19 | D        | Reached XP level 3. HP: 21/21 MP: 4/7
    19 | D        | Reached XP level 4. HP: 27/27 MP: 4/8
    24 | D        | Killed a necrophage
    25 | D        | Reached skill level 9 in Fire Magic
    25 | D        | Reached XP level 5. HP: 31/31 MP: 4/10
    30 | D        | Killed a necrophage
    31 | D        | Reached skill level 10 in Fire Magic
    31 | D        | Reached XP level 6. HP: 36/37 MP: 4/12
    35 | D        | Killed a necrophage
    36 | D        | Reached skill level 5 in Stealth
    45 | D        | Learned a level 3 spell: Conjure Flame
    49 | D        | Learned a level 3 spell: Inner Flame
    54 | D        | Learned a level 4 spell: Flame Wave
    60 | D        | Found Yfiso's Antique Armour Emporium.
    61 | D        | Found Fileuf's Antique Weapon Emporium.
    61 | D        | Found Ybis's Jewellery Shoppe.
    62 | D        | Found Houxzuef's Jewellery Emporium.
    62 | D        | Found Ocloumpu's Assorted Antiques.
    62 | D        | Found Uhehex's Book Shoppe.
    62 | D        | Found Fajeroank's Distillery.
    63 | D        | Found Useor's Magic Scroll Emporium.
    63 | D        | Found Imeaso Kaotz's Jewellery Shoppe.
    63 | D        | Found Qezxydatz's Magic Scroll Emporium.
    63 | D        | Noticed an iron elemental
    64 | D        | Found Sufusad's Assorted Antiques.
    66 | D        | Found Hakh's Antique Armour Shoppe.
    66 | D        | Found Ruuw's Distillery.
    66 | D        | Noticed Menkaure
    66 | D        | Noticed an oklob plant
    68 | D        | Found Juedibick's Jewellery Shoppe.
    68 | D        | Found Vedap's Book Shoppe.
    75 | D        | Noticed a hell hog
    77 | D        | Noticed a hell hog
    77 | D        | Killed Menkaure
    78 | D        | Reached skill level 1 in Fighting
    78 | D        | Reached skill level 5 in Conjurations
    78 | D        | Reached skill level 11 in Fire Magic
    78 | D        | Reached XP level 7. HP: 28/43 MP: 0/14
    81 | D        | Noticed a wyvern
    81 | D        | Noticed a wyvern
   101 | D        | Bought a faintly glowing halberd for 207 gold pieces
   101 | D        | Identified the +1 halberd of Pain and Death {venom, rF+}
                  | (You bought it in a shop in the Dungeon)
   123 | D        | Found a snail-covered altar of Cheibriados.
   123 | D        | Found a hazy altar of Hepliaklqana.
   124 | D        | Found a shadowy altar of Dithmenos.
   124 | D        | Found a viscous altar of Jiyva.
   125 | D        | Found a white marble altar of Elyvilon.
   125 | D        | Found an ancient bone altar of Kikubaaqudgha.
   125 | D        | Found a sacrificial altar of Ru.
   126 | D        | Found a blossoming altar of Fedhas.
   126 | D        | Found a corrupted altar of Lugonu.
   126 | D        | Found a shimmering blue altar of Sif Muna.
   127 | D        | Found an opulent altar of Gozag.
   127 | D        | Found a burning altar of Makhleb.
   127 | D        | Found a bloodstained altar of Trog.
   128 | D        | Found a sparkling altar of Nemelex Xobeh.
   128 | D        | Found a hide-covered altar of Uskayaw.
   129 | D        | Found a basalt altar of Yredelemnul.
   130 | D        | Found an iron altar of Okawaru.
   130 | D        | Found a radiant altar of Vehumet.
   130 | D        | Found a glowing silver altar of Zin.
   130 | D        | Found a shimmering altar of Xom.
   131 | D        | Found a stormy altar of Qazlal.
   131 | D        | Found an ornate altar of the Wu Jian Council.
   131 | D        | Found a glowing golden altar of the Shining One.
   138 | D        | Became a worshipper of Sif Muna the Loreminder
   148 | D        | Reached skill level 5 in Spellcasting
   148 | D        | Reached skill level 12 in Fire Magic
   154 | D        | Noticed an ice statue
   162 | D        | Noticed a flying skull
   162 | D        | Noticed a flying skull
   168 | D        | Noticed a hornet
   168 | D        | Noticed a polar bear
   406 | D        | Noticed a yaktaur
   423 | D        | Killed a yaktaur
   424 | D        | Reached skill level 5 in Dodging
   426 | D        | Killed a hornet
   426 | D        | Reached * piety under Sif Muna
   426 | D        | Killed a polar bear
   426 | D        | Succumbed to a hornet's poison

Illustrated notes

Levels and vault maps discovered:
D:        the_violet_keep_of_menkaure [sprint2_stairs_cluster_1,
          sprint2_shoproom, sprint2_temple, sprint2_basic_supplies,
          sprint2_obstacle_5, sprint2_obstacle_2, sprint2_obstacle_6,
          sprint2_obstacle_7, sprint2_obstacle_1, sprint2_timed_cluster_1,
          sprint2_smallroom_cluster_1, sprint2_smallroom_final_cluster_1,
          sprint2_transparent_cluster_1, sprint2_second_timed_cluster_1,
          sprint2_sniper_area_1, sprint2_heavy_combat_area_1,
          sprint2_mutation_trap_area_1, sprint2_forest_area_1,
          sprint2_light_combat_area_1, sprint2_behind_water_1,
          sprint2_near_end_vault_1]

Skill      XL: |  1  2  3  4  5  6  7 |
---------------+----------------------+-----
Stealth        | 3 4 5 |  5.9
Spellcasting   | 3 4 5 |  5.4
Conjurations   | 3 4 5 6 |  6.1
Fire Magic     | 7 9 10 11 12 | 12.9
Dodging        | 3 4 5 |  5.1
Fighting       | 1 |  1.5
Invocations    | 2 |  2.4

Action                   |  1- 3 |  4- 6 |  7- 9 || total
-------------------------+-------+-------+-------++-------
Melee: Unarmed           |     4 |    17 |       ||    21
       Constrict         |     1 |     3 |       ||     4
       Tentacles         |     1 |       |       ||     1
 Cast: Foxfire           |       |     7 |       ||     7
       Inner Flame       |       |     1 |       ||     1
       Flame Wave        |       |       |     4 ||     4
  Use: Potion            |     2 |       |     2 ||     4
       Scroll            |       |       |     1 ||     1
Dodge: Dodged            |     2 |     4 |     3 ||     9

Table legend: (Time is in decaauts)
 A = Elapsed time spent in this place.
 B = Non-inter-level travel time spent in this place.
 C = Inter-level travel time spent in this place.
 D = Time resting spent in this place.
 E = Time spent auto-exploring this place.
 F = Levels seen in this place.
 G = Mean time per level.
                   A        B        C        D        E       F      G
               +--------+--------+--------+--------+--------+-----+--------+
         Total |    415 |    415 |      0 |    224 |      0 |   1 |  415.0 |
       Dungeon |    415 |    415 |      0 |    224 |      0 |   1 |  415.0 |
               +--------+--------+--------+--------+--------+-----+--------+

Top non-repeatable levels by time:
       D: 415 daAuts
